 Dungeon Crawl Stone Soup version 0.31-a0-182-gc5ef74bbde (webtiles) character file.

Game seed: 1239382346577039628

91 qw the Chopper (level 4, -3/28 HPs)
             Began as a Gargoyle Fighter on June 20, 2023.
             Slain by Grinder (5 damage)
             ... while paralysed by Grinder
             ... on level 3 of the Dungeon.
             The game lasted 00:01:06 (1542 turns).

qw the Chopper (Gargoyle Fighter)                   Turns: 1542, Time: 00:01:07

Health: -3/28      AC: 11    Str: 22    XL:     4   Next: 57%
Magic:  4/4        EV:  2    Int:  8    God:
Gold:   105        SH:  0    Dex:  9    Spells: 3/3 levels left

rFire   . . .        Y - +0 war axe
rCold   . . .        c - +0 buckler
rNeg    + . .        b - +0 scale mail
rPois   inf          (no helmet)
rElec   +            (no cloak)
rCorr   .            (no gloves)
SInv    .            i - +0 pair of boots
Will    .....        (no amulet) Stlth
                     (no ring)
HPRegen 0.24/turn    (no ring)
MPRegen 0.09/turn

%: no passive effects
@: paralysed
A: sickness immunity, AC +3, negative energy resistance 1, electricity
resistance, torment resistance 1, petrification resistance
a: no special abilities


You were on level 3 of the Dungeon.
You visited 1 branch of the dungeon, and saw 3 of its levels.

You collected 105 gold pieces.


Innate Abilities, Weirdness & Mutations

You are immune to sickness and miasma.
Your stone body is resilient. (AC +3)
You are immune to poison.
You resist negative energy. (rN+)
You are resistant to electric shocks. (rElec)
You are resistant to unholy torment.
You are immune to petrification.


   Skills:
 - Level 3.2 Fighting
 + Level 4.2 Axes
 - Level 3.2 Armour
 - Level 3.2 Shields


You had 3 spell levels left.
You didn't know any spells.
Your spell library was empty.

Inventory:

Hand Weapons
 h - a +0 whip
 Y - a +0 war axe (weapon)
Armour
 b - a +0 scale mail (worn)
 c - a +0 buckler (worn)
 i - a +0 pair of boots (worn)
Scrolls
 g - 2 scrolls of identify
Potions
 d - a potion of might
 j - a potion of curing
 l - a potion of haste

Dungeon Overview and Level Annotations

Branches:
Dungeon (3/15)

Altars:

Annotations:
D:3 Grinder


Message History

Grinder is nearby!
Grinder hits you.
You closely miss Grinder.
Grinder is severely wounded.
Grinder hits you but does no damage.
You closely miss Grinder.
Grinder is severely wounded.
Grinder hits you.
You writhe in agony.
Grinder gestures at you.
You suddenly lose the ability to move!
Grinder hits you but does no damage. Grinder gestures at you.
You resist with significant effort. Grinder hits you but does no damage.
Grinder gestures at you.
You shrug off the repeated paralysis!
You can move again.
You hit Grinder.
Grinder is severely wounded.
Grinder hits you but does no damage.
You closely miss Grinder.
Grinder is severely wounded.
Grinder says, "FISH!"
Grinder hits you but does no damage.
You closely miss Grinder.
Grinder is severely wounded.
Grinder blinks!
Grinder hits you but does no damage.
You closely miss Grinder.
Grinder is severely wounded.
Grinder closely misses you.
You closely miss Grinder.
Grinder is severely wounded.
Grinder gestures at you.
You suddenly lose the ability to move!
Grinder hits you but does no damage. x2
Grinder gestures at you. Pain shoots through your body! Grinder hits you.
You die...

#.# #.# #.# #.#
#.# #.#
.#######.#####.#
......5@.......#
.#######.#######
###.#######.#
........<...####
##.###.........#
#.#######.# #.#
#.# #.#


You could see Grinder.

Vanquished Creatures
  2 adders (D:2)
  A worm (D:2)
  3 dart slugs (D:2)
  5 ball pythons
  4 bats
  3 endoplasms (D:1)
  11 giant cockroaches
  5 goblins
  2 hobgoblins
  4 jackals (D:1)
  6 kobolds
  3 quokkas
  A frilled lizard (D:1)
  6 rats
56 creatures vanquished.

Notes
Turn   | Place    | Note
-------+----------+-------------------------------------------
     0 | D:1      | qw the Gargoyle Fighter began the quest for the Orb.
     0 | D:1      | Reached XP level 1. HP: 14/14 MP: 1/1
     0 | D:1      | 0 ||| qw: Version: 0.3-a-9-g12657ce
     0 | D:1      | 0 ||| qw: Game counter: 1314
     0 | D:1      | 0 ||| qw: Always use a shield: true
     0 | D:1      | 0 ||| qw: God list: Okawaru
     0 | D:1      | 0 ||| qw: Allow faded altars: false
     0 | D:1      | 0 ||| qw: Do Orc after D:15 true
     0 | D:1      | 0 ||| qw: Do second Lair branch before Depths: true
     0 | D:1      | 0 ||| qw: Lair rune preference: random
     0 | D:1      | 0 ||| qw: Plans: Normal, Zot:1-4, Slime:5, God:TSO, Crypt,
                  | Tomb, Abyss, Pan, Hells, Win
     0 | D:1      | 0 ||| PLANNING D:1-11
    75 | D:1      | 75 ||| Stepping ~*~*~tactically~*~*~ (stealth).
    79 | D:1      | Reached skill level 2 in Axes
    85 | D:1      | Reached XP level 2. HP: 18/19 MP: 2/2
   242 | D:1      | Reached skill level 3 in Axes
   326 | D:1      | Reached XP level 3. HP: 22/23 MP: 3/3
   353 | D:1      | Found a faded altar of an unknown god.
   660 | D:1      | 660 ||| UPGRADING to +0 pair of boots.
   665 | D:1      | 665 ||| READING scroll labelled IDWY EHOZEZ.
   666 | D:1      | 666 ||| READING scroll labelled SUBUKAE HUNKUS.
   667 | D:1      | 667 ||| READING 2 scrolls labelled JEMPYGREXT.
   776 | D:2      | 776 ||| Stepping ~*~*~tactically~*~*~ (stealth).
   777 | D:2      | 777 ||| Stepping ~*~*~tactically~*~*~ (stealth).
   778 | D:2      | 778 ||| Stepping ~*~*~tactically~*~*~ (stealth).
   828 | D:2      | 828 ||| Stepping ~*~*~tactically~*~*~ (stealth).
   831 | D:2      | 831 ||| Stepping ~*~*~tactically~*~*~ (stealth).
   855 | D:2      | Reached XP level 4. HP: 28/28 MP: 4/4
  1026 | D:2      | 1026 ||| Stepping ~*~*~tactically~*~*~ (hiding).
  1042 | D:2      | 1042 ||| Stepping ~*~*~tactically~*~*~ (stealth).
  1116 | D:2      | Reached skill level 4 in Axes
  1334 | D:2      | 1334 ||| Stepping ~*~*~tactically~*~*~ (hiding).
  1463 | D:2      | 1463 ||| READING scroll labelled NAAFUI XAHE.
  1464 | D:2      | 1464 ||| READING 2 scrolls labelled AGHAYN ADEFF.
  1465 | D:2      | 1465 ||| READING 2 scrolls labelled JAQ EDWAHI.
  1466 | D:2      | 1466 ||| READING scroll labelled KUADGH WU GAIN.
  1469 | D:2      | 1469 ||| DRINKING 2 black potions.
  1470 | D:2      | 1470 ||| READING 3 scrolls of identify.
  1470 | D:2      | 1470 ||| IDENTIFYING sedimented amethyst potion
  1471 | D:2      | 1471 ||| DROPPING scroll of vulnerability.
  1472 | D:2      | 1472 ||| DROPPING scroll of noise.
  1495 | D:3      | Noticed Grinder
  1500 | D:3      | Paralysed by Grinder for 2 turns
  1504 | D:3      | HP: 7/28 [Grinder (5)]
  1506 | D:3      | HP: 3/28 [Grinder (2)]
  1508 | D:3      | Paralysed by Grinder for 4 turns
  1525 | D:3      | HP: 4/28 [Grinder (3)]
  1527 | D:3      | HP: 1/28 [Grinder (1)]
  1527 | D:3      | Paralysed by Grinder for 5 turns
  1538 | D:3      | Paralysed by Grinder for 5 turns
  1541 | D:3      | HP: 2/28 [Grinder/nerve-wracking pain (3)]
  1542 | D:3      | Slain by Grinder

Levels and vault maps discovered:
D:1:      dpeg_arrival_snail, layout_basic,
          shapermc_ecumenical_altar_totnotflames
D:2:      minmay_roachtagon, layout_basic, minmay_misc_feat_x,
          grunt_ministairs_8
D:3:      layout_loops_ring, uniq_grinder, uniq_crazy_yiuf_cottage

Skill      XL: |  1  2  3  4 |
---------------+-------------+-----
Axes           | 2 3 4 |  4.2
Fighting       | |  3.2
Armour         | |  3.2
Shields        | |  3.2

Action                     |  1- 3 |  4- 6 || total
---------------------------+-------+-------++-------
  Melee: War axe           |   115 |    72 ||   187
    Use: Scroll            |     3 |     5 ||     8
         Potion            |       |     1 ||     1
 Armour: Scale mail        |    75 |    46 ||   121
  Dodge: Dodged            |    53 |    23 ||    76
  Block: Buckler           |    23 |    12 ||    35

Table legend:
 A = Non-vault XP
 B = Vault XP
 C = Vault XP percentage of total XP
 D = Non-vault monster count
 E = Vault monster count
 F = Vault count percentage of total count
                 A         B        C        D         E       F
            +---------+---------+-------+---------+---------+-------
      Total |     105 |      25 |  19.2 |      45 |      11 |  19.6
            +---------+---------+-------+---------+---------+-------
        D:1 |      47 |       0 |   0.0 |      28 |       0 |   0.0
        D:2 |      58 |      25 |  30.1 |      17 |      11 |  39.3
            +---------+---------+-------+---------+---------+-------
